 Dungeon Crawl Stone Soup version 0.31-a0-152-g6aa68a64a1 (webtiles) character file.

Game seed: 7602192136165018292

800 qw the Skirmisher (level 7, -3/57 (61) HPs)
             Began as a Minotaur Hunter on June 9, 2023.
             Slain by a wight
             ... wielding a +0 war axe
              (4 damage)
             ... on level 5 of the Dungeon.
             The game lasted 00:01:38 (3683 turns).

qw the Skirmisher (Minotaur Hunter)                 Turns: 3683, Time: 00:01:38

HP:   -3/57 (61)    AC: 11    Str: 16    XL:     7   Next: 59%
MP:   6/6           EV: 13    Int:  9    God:
Gold: 197           SH:  0    Dex: 18    Spells: 6/6 levels left

rFire   . . .        c - +4 shortbow (drain)
rCold   . . .        (shield currently unavailable)
rNeg    . . .        k - +3 leather armour of the Dungeon {Will+ rCorr Dex+3 Stlth-}
rPois   .            (helmet restricted)
rElec   +            (no cloak)
rCorr   +            b - +0 pair of gloves
SInv    +            (no boots)
Will    ++...        e - amulet of the acrobat
Stlth   +            j - ring "Fautorph" {rElec Will+ Int+3 SInv}
HPRegen 0.29/turn    h - +4 ring of protection
MPRegen 0.10/turn

%: acrobat
@: drained
A: horns 2, retaliatory headbutt
a: no special abilities


You were on level 5 of the Dungeon.
You visited 1 branch of the dungeon, and saw 5 of its levels.

You collected 197 gold pieces.


Innate Abilities, Weirdness & Mutations

You have a pair of horns on your head.
You reflexively headbutt those who attack you in melee.


   Skills:
 + Level 5.0 Fighting
 - Level 9.1 Ranged Weapons
 - Level 1.8 Armour
 - Level 3.0 Dodging
 - Level 0.7 Stealth


You had 6 spell levels left.
You didn't know any spells.
Your spell library was empty.

Inventory:

Hand Weapons
 c - a +4 shortbow of draining (weapon)
Armour
 b - a +0 pair of gloves (worn)
 k - the +3 leather armour of the Dungeon (worn) {Will+ rCorr Dex+3 Stlth-}
   (You found it on level 4 of the Dungeon)

   Dex:       It affects your dexterity (+3).
   rCorr:     It protects you from acid and corrosion.
   Will:      It increases your willpower.
   Stlth:     It makes you less stealthy.
Jewellery
 e - an amulet of the acrobat (around neck)
 h - a +4 ring of protection (right hand)
 j - the ring "Fautorph" (left hand) {rElec Will+ Int+3 SInv}
   (You found it on level 4 of the Dungeon)

   [ring of willpower]

   Int:       It affects your intelligence (+3).
   rElec:     It insulates you from electricity.
   SInv:      It lets you see invisible.
   Will:      It increases your willpower.
 Y - a ring of protection from cold
Scrolls
 m - a scroll of identify
Potions
 d - a potion of haste
 f - a potion of heal wounds {unknown}
 g - a potion of mutation {unknown}
 i - a potion of degeneration {unknown}
 n - a potion of brilliance {unknown}

Dungeon Overview and Level Annotations

Branches:
Dungeon (5/15)
 Temple: D:4-7

Altars:
Ashenzari
Sif Muna

Shops:
D:1 (

Annotations:
D:3 2 transporters, qw's ghost, weakling MiHu


Message History

The wight hits you but does no damage. The wight hits you with a +3 scimitar!
You shoot an arrow. The arrow hits the wight.
The wight is moderately damaged.
You shoot an arrow. The arrow hits the wight.
The wight is heavily damaged.
The wight hits you with a +0 mace.
A wight comes into view. It is wielding a +3 mace.
The wight barely misses you. You furiously retaliate!
You headbutt the wight. You shoot an arrow.
The arrow completely misses the wight.
The wight hits you with a +0 mace.
You feel drained. The wight hits you with a +3 scimitar!
You shoot an arrow. The arrow hits the wight.
You destroy the wight!
The wight closely misses you.
You shoot an arrow. The arrow closely misses the wight.
The arrow barely misses the wight.
The wight hits you with a +0 mace.
You shoot an arrow. The arrow hits the wight!
The wight is heavily damaged.
The wight misses you. The wight barely misses you.
You shoot an arrow. The arrow barely misses the wight.
The wight misses you.
You shoot an arrow. The arrow hits the wight.
The wight is almost destroyed.
The wight hits you with a +0 mace.
You feel drained. The wight closely misses you.
The wight completely misses you. You furiously retaliate!
You headbutt the wight. You shoot an arrow. The arrow barely misses the wight.
The wight misses you. The wight barely misses you.
The wight hits you but does no damage.
You shoot an arrow. The arrow hits the wight.
You destroy the wight!
The wight hits you with a +0 mace!
You feel drained. The wight hits you with a +0 war axe.
You feel drained.
Your Ranged Weapons skill increases to level 9!
You shoot an arrow.
The arrow hits the wight but does no damage.
The wight is moderately damaged.
The wight hits you with a +0 mace. The wight hits you with a +0 war axe.
You die...

. #....#.###.#....#....#
...#...............#....
.......##.....##....... #
#...........#.#.# ..
#?#.#...#.#.#...#.#.
......)...#.#(#...........
##.$...##.......##.....##
............#..)..).....#
.#.###.#....#..z@#.###.##
.. .......#..z).<<.#### #
..##.......##%#....# ...
..#.#.#.[#)).##.#
.#.#...#.###)## ###
###..## #.###.... ##.#
##......## #.# #....>....
##### #.# #.####.###


You could see 2 wights.

Vanquished Creatures
  Duvessa (D:4)
  An ogre (D:5)
  3 wights (D:5)
  Dowan (D:4)
  Jessica (D:3)
  A gnoll bouda (D:5)
  2 orc wizards (D:3)
  A sleepcap (D:5)
  3 iguanas
  6 gnolls
  3 adders
  An ufetubus (D:5)
  A worm (D:2)
  2 dart slugs (D:4)
  11 orcs
  9 endoplasms
  2 giant cockroaches
  7 goblins
  6 hobgoblins
  7 jackals
  9 kobolds
  3 quokkas
  8 ball pythons
  8 bats
  2 frilled lizards
  22 rats
121 creatures vanquished.

Notes
Turn   | Place    | Note
-------+----------+-------------------------------------------
     0 | D:1      | qw the Minotaur Hunter began the quest for the Orb.
     0 | D:1      | Reached XP level 1. HP: 18/18 MP: 0/0
     0 | D:1      | 0 ||| qw: Version: 0.2-a-122-gbc61b45
     0 | D:1      | 0 ||| qw: Game counter: 3431
     0 | D:1      | 0 ||| qw: Always use a shield: true
     0 | D:1      | 0 ||| qw: God list: Okawaru
     0 | D:1      | 0 ||| qw: Allow faded altars: false
     0 | D:1      | 0 ||| qw: Do Orc after D:15 true
     0 | D:1      | 0 ||| qw: Do second Lair branch before Depths: true
     0 | D:1      | 0 ||| qw: Lair rune preference: random
     0 | D:1      | 0 ||| qw: Plans: Normal
     0 | D:1      | 0 ||| PLANNING D:1-11
   173 | D:1      | Reached XP level 2. HP: 22/25 MP: 1/1
   176 | D:1      | Reached skill level 5 in Ranged Weapons
   197 | D:1      | Found Tusoetof's Weapon Shop.
   377 | D:1      | Reached skill level 3 in Fighting
   473 | D:1      | 473 ||| UPGRADING to amulet of the acrobat.
   478 | D:1      | 478 ||| READING scroll labelled HOVAMY PYTI.
   479 | D:1      | 479 ||| DROPPING scroll of butterflies.
   495 | D:2      | 495 ||| STAIRDANCE
   716 | D:2      | Reached XP level 3. HP: 31/31 MP: 2/2
  1188 | D:2      | Found a faded altar of an unknown god.
  1584 | D:2      | 1584 ||| READING scroll labelled ATENOMECR SIESI.
  1585 | D:2      | 1585 ||| READING scroll labelled YNICEXT TUHETSIE.
  1586 | D:2      | 1586 ||| READING scroll labelled EZYACW NAFFESS.
  1587 | D:2      | 1587 ||| DRINKING 2 fuming brown potions.
  1588 | D:2      | 1588 ||| DROPPING potion of magic.
  1606 | D:3      | 1606 ||| STAIRDANCE
  1847 | D:3      | Reached skill level 6 in Ranged Weapons
  1847 | D:3      | Reached XP level 4. HP: 32/38 MP: 3/3
  1855 | D:3      | 1855 ||| FLEEEEING.
  1966 | D:3      | Found a broken altar of Ashenzari.
  2003 | D:3      | Noticed Jessica
  2004 | D:3      | 2004 ||| UPGRADING to +0 ring mail.
  2020 | D:3      | Killed Jessica
  2021 | D:3      | Reached skill level 1 in Armour
  2077 | D:3      | 2077 ||| DROPPING +0 leather armour.
  2111 | D:3      | Reached XP level 5. HP: 46/46 MP: 4/4
  2156 | D:3      | Identified the +6 hand axe "Hiteshroe" {flame, MP+9 Str+3}
  2162 | D:3      | 2162 ||| UPGRADING to +0 pair of gloves.
  2167 | D:3      | Found a transporter.
  2171 | D:3      | Found a transporter.
  2171 | D:3      | Noticed qw's ghost (weakling MiHu)
  2706 | D:3      | 2706 ||| UPGRADING to +4 ring of protection.
  2707 | D:3      | 2707 ||| READING 2 scrolls labelled TIAKHL TEIDINA.
  2707 | D:3      | Identified 2 scrolls of acquirement
  2707 | D:3      | 2707 ||| ACQUIRING +4 shortbow of draining
  2707 | D:3      | Acquired a +4 shortbow of draining
  2709 | D:3      | 2709 ||| SWAPPING to +4 shortbow of draining.
  2710 | D:3      | 2710 ||| DROPPING +0 shortbow.
  2711 | D:3      | 2711 ||| READING scroll of acquirement.
  2711 | D:3      | 2711 ||| ACQUIRING ring of protection from cold
  2711 | D:3      | Acquired a ring of protection from cold
  2713 | D:3      | 2713 ||| UPGRADING to ring of protection from cold.
  2714 | D:3      | 2714 ||| READING scroll labelled KIGEOF NEMP.
  2715 | D:3      | 2715 ||| READING scroll labelled GEOSSUY SOLOB.
  2716 | D:3      | 2716 ||| DRINKING 3 murky silvery potions.
  2717 | D:3      | 2717 ||| DROPPING 2 potions of invisibility.
  2719 | D:3      | 2719 ||| Stepping ~*~*~tactically~*~*~ (cloud).
  2985 | D:4      | Noticed Duvessa
  2985 | D:4      | Noticed Dowan
  2991 | D:4      | Killed Dowan
  2992 | D:4      | Reached skill level 7 in Ranged Weapons
  2992 | D:4      | Reached XP level 6. HP: 51/52 MP: 5/5
  2995 | D:4      | HP: 11/52 [Duvessa/+0 short sword (5)]
  3003 | D:4      | Killed Duvessa
  3243 | D:4      | Identified the ring "Fautorph" {rElec Will+ Int+3 SInv}
  3279 | D:4      | Identified the +3 leather armour of the Dungeon {Will+
                  | rCorr Dex+3 Stlth-}
  3438 | D:4      | 3438 ||| UPGRADING to +3 leather armour of the Dungeon
                  | {Will+ rCorr Dex+3 Stlth-}.
  3448 | D:4      | 3448 ||| DROPPING +0 ring mail.
  3449 | D:4      | 3449 ||| UPGRADING to ring "Fautorph" {rElec Will+ Int+3
                  | SInv}.
  3451 | D:4      | 3451 ||| DROPPING ring of ice.
  3452 | D:4      | 3452 ||| UPGRADING to +4 ring of protection.
  3459 | D:5      | Entered Level 5 of the Dungeon
  3482 | D:5      | Found a shimmering blue altar of Sif Muna.
  3493 | D:5      | Reached skill level 3 in Dodging
  3538 | D:5      | Reached skill level 8 in Ranged Weapons
  3547 | D:5      | Reached XP level 7. HP: 40/60 MP: 6/6
  3657 | D:5      | 3657 ||| FLEEEEING.
  3658 | D:5      | 3658 ||| FLEEEEING.
  3659 | D:5      | 3659 ||| FLEEEEING.
  3660 | D:5      | 3660 ||| FLEEEEING.
  3661 | D:5      | 3661 ||| FLEEEEING.
  3662 | D:5      | 3662 ||| FLEEEEING.
  3663 | D:5      | 3663 ||| FLEEEEING.
  3664 | D:5      | 3664 ||| FLEEEEING.
  3665 | D:5      | 3665 ||| FLEEEEING.
  3682 | D:5      | HP: 11/58 [wight/+0 mace (8)]
  3682 | D:5      | HP: 4/56 [wight/+0 war axe (3)]
  3683 | D:5      | Reached skill level 9 in Ranged Weapons
  3683 | D:5      | HP: 1/57 [wight/+0 mace (3)]
  3683 | D:5      | Slain by a wight

Levels and vault maps discovered:
D:1:      dpeg_arrival_prison, layout_rooms, serial_shops,
          nicolae_shop_behind_doors
D:2:      layout_basic, chequers_ecumenical_altar_simple, minmay_unequal
D:3:      layout_loops_corners, ashenzari_conservatory_becter,
          gammafunk_ghost_arena, amethyst_killhole, minmay_rat_hole,
          uniq_jessica, uniq_crazy_yiuf_cottage
D:4:      minmay_chambers_of_threes, layout_cave_pools, uniq_duvessa
D:5:      nicolae_cairo_tiling_large_dashed, layout_loops_ring,
          lemuel_doored_altar, minmay_temple_entry_fiery, minivault_25,
          minmay_misc_feat_four_crosses

Skill      XL: |  1  2  3  4  5  6  7 |
---------------+----------------------+-----
Ranged Weapons | 5 6 7 8 9 |  9.1
Fighting       | 3 4 5 |  5.0
Armour         | 1 |  1.8
Dodging        | 3 |  3.0
Stealth        | |  0.7

Action                     |  1- 3 |  4- 6 |  7- 9 || total
---------------------------+-------+-------+-------++-------
   Fire: Shortbow          |   132 |   164 |    48 ||   344
    Use: Scroll            |     4 |     4 |       ||     8
         Potion            |     1 |     1 |       ||     2
 Armour: Leather armour    |    12 |     5 |    12 ||    29
         Ring mail         |       |    15 |       ||    15
  Dodge: Dodged            |    36 |    42 |    29 ||   107

Table legend:
 A = Non-vault XP
 B = Vault XP
 C = Vault XP percentage of total XP
 D = Non-vault monster count
 E = Vault monster count
 F = Vault count percentage of total count
                 A         B        C        D         E       F
            +---------+---------+-------+---------+---------+-------
      Total |     834 |     310 |  27.1 |      86 |      35 |  28.9
            +---------+---------+-------+---------+---------+-------
        D:1 |      35 |       0 |   0.0 |      22 |       0 |   0.0
        D:2 |      28 |       1 |   3.4 |      16 |       1 |   5.9
        D:3 |     115 |      57 |  33.1 |      21 |      20 |  48.8
        D:4 |      74 |     252 |  77.3 |       9 |      14 |  60.9
        D:5 |     582 |       0 |   0.0 |      18 |       0 |   0.0
            +---------+---------+-------+---------+---------+-------
